 Dungeon Crawl Stone Soup version 0.29-a0-613-gf2c431b9b9 (webtiles) character file.

Game seed: 17045602345390116268

263 dolemite99 the Bolt Thrower (level 6, -4/43 HPs)
             Began as a Djinni Hunter on June 17, 2022.
             Was an Initiate of Yredelemnul.
             Killed from afar by a centaur (15 damage)
             ... with a bolt of light
             ... on level 5 of the Dungeon.
             The game lasted 00:05:12 (4524 turns).

dolemite99 the Bolt Thrower (Djinni Hunter)         Turns: 4524, Time: 00:05:13

Health: -4/43      AC:  8    Str: 12    XL:     6   Next: 42%
Gold:   288        EV: 11    Int: 10    God:    Yredelemnul [......] SH:  0 Dex: 20

rFire   + + +      SeeInvis .   a - +1 hand crossbow
rCold   . . .      Faith    .   (no shield)
rNeg    . . .      Spirit   .   l - +0 ring mail
rPois   ∞          Reflect  .   (no helmet)
rElec   +          Harm     .   (no cloak)
rCorr   +          Rampage  .   r - +2 pair of gloves {Dex+3}
Will    .....                   (boots unavailable)
Stlth   +.........              (no amulet)
HPRegen 0.14/turn               (no ring)
MPRegen 0.00/turn               (no ring)

@: resistant, flying
A: sickness immunity, fire resistance 2, cold vulnerability 1, float, innate
caster, HP casting, extra vitality 1
a: Renounce Religion, Recall Undead Harvest


You were on level 5 of the Dungeon.
You worshipped Yredelemnul.
Yredelemnul was noncommittal.
You visited 1 branch of the dungeon, and saw 5 of its levels.

You collected 288 gold pieces.

Inventory:

Hand Weapons
 a - a +1 hand crossbow (weapon)
 f - a +0 dagger
 s - a +0 broad axe
 u - a +0 quarterstaff
 x - a +0 war axe
 y - a +0 morningstar
Missiles
 k - 21 stones
Armour
 l - a +0 ring mail (worn)
 p - a +0 chain mail
 r - a +2 pair of gloves of dexterity (worn)
Jewellery
 b - a +6 ring of strength
 h - a ring of willpower
 i - a ring of flight
Scrolls
 c - 5 scrolls of immolation
 e - a scroll of noise
 j - 3 scrolls of identify {@r1}
 n - 3 scrolls of teleportation
 q - 3 scrolls of amnesia
Potions
 d - 2 potions of might
 m - 2 potions of mutation
 o - a potion of berserk rage {unknown}
 t - a potion of ambrosia
 v - a potion of brilliance {unknown}
 w - 2 potions of lignification {unknown}


   Skills:
 - Level 2.0 Fighting
 + Level 6.0 Crossbows
 - Level 2.1 Dodging
 - Level 0.7 Stealth


You had 2 spell levels left.
You knew the following spells:

 Your Spells              Type           Power      Damage    Failure   Level
a - Foxfire               Conj/Fire      0%         2x1d4     65%         1
b - Blink                 Tloc           0%         N/A       78%         2
Your spell library was empty.

Dungeon Overview and Level Annotations

Branches:
Dungeon (5/15)             Temple (0/1) D:4

Altars:
Yredelemnul

Annotations:
D:4 exclusion: downstairs
D:5 Edmund, Pikel


Innate Abilities, Weirdness & Mutations

You are immune to sickness and miasma.
You are immune to poison.
Your flesh is very heat resistant. (rF++)
You are vulnerable to cold. (rC-)
You float through the air rather than walking.
You learn spells naturally, not from books.
Your magical power is your life essence.
You have superior vitality. (+4 MHP)


Message History

Your orc zombie hits the centaur.
Shoot: a) +1 hand crossbow
Press: ? - help, Q - select action, (/) - cycle Shift-Dir - straight line, f/p - centaur
Aim: a centaur, carrying a wand of light (2) (moderately wounded, ally target, 77% to hit)
You shoot a bolt. The bolt hits the centaur.
The centaur is heavily wounded.
The centaur closely misses you.
The centaur kicks you but does no damage.
A lemure comes into view.
The centaur zaps a wand.
The bolt of light hits you!!
You are confused.
* * * LOW HITPOINT WARNING * * *
Your orc zombie barely misses the centaur.
The lemure moves out of view.
You feel protected.
The centaur hits you but does no damage.
The centaur kicks you but does no damage.
Pikel, Merchant of Souls comes into view.
He is wielding a +2 whip of flaming.
The centaur hits you but does no damage.
The centaur barely misses you.
Non-targeted confused shoot: a) +1 hand crossbow
Press: ? - help, Q - select action, (/) - cycle Dir - look around, f - activate You shoot a bolt.
Pikel shouts!
You feel less confused.
You hear a shout! x2
The centaur misses you. The centaur barely misses you.
Your orc zombie barely misses the centaur.
The centaur misses you. The centaur completely misses you.
Your orc zombie hits the centaur but does no damage.
Shoot: a) +1 hand crossbow
Press: ? - help, Q - select action, (/) - cycle Shift-Dir - straight line, f - centaur
Aim: a centaur, carrying a wand of light (1) (heavily wounded, ally target, 77% to hit)
You shoot a bolt. The bolt hits the centaur.
The centaur is severely wounded.
The centaur hits you but does no damage.
The centaur kicks you but does no damage.
The centaur zaps a wand.
The bolt of light hits you!
You die...
Your body rises from the dead as a mindless zombie.

#.........#
######...##
# #...# #
#####...# #
#......># #
#.####### #
#.###### #
#......# #
#@.###.# #
......cZ^# #
...........
#
....###.##.#
# ... ..# .#
# .K ### # .


You could see Pikel, a centaur (ally target) and a friendly orc zombie.

Vanquished Creatures
  A jelly (D:4)
  2 hounds
  4 gnolls
  3 adders
  2 dart slugs
  4 orcs
  5 ball pythons
  4 bats
  9 endoplasms
  A giant cockroach (D:3)
  5 goblins
  9 hobgoblins
  4 kobolds
  5 quokkas
  4 rats
62 creatures vanquished.

Vanquished Creatures (collateral kills)
  2 adders
  An orc (D:5)
  3 ball pythons (D:2)
  A goblin (D:2)
  A hobgoblin (D:2)
  A kobold (D:2)
  A rat (D:2)
10 creatures vanquished.

Vanquished Creatures (others)
  2 adder zombies
  A goblin (D:2)
  A ball python zombie (D:2)
  An endoplasm zombie (D:4)
  2 goblin zombies
  2 hobgoblin zombies (D:3)
  A quokka zombie (D:3)
  A rat zombie (D:2)
11 creatures vanquished.

Grand Total: 83 creatures vanquished

Notes
Turn   | Place    | Note
-------+----------+-------------------------------------------
     0 | D:1      | dolemite99 the Djinni Hunter began the quest for the Orb.
     0 | D:1      | Reached XP level 1. HP: 18/18 MP: 0/0
    73 | D:1      | Reached XP level 2. HP: 20/23 MP: 0/0
   249 | D:1      | Reached skill level 4 in Crossbows
   249 | D:1      | Reached XP level 3. HP: 22/28 MP: 0/0
   249 | D:1      | Learned a level 1 spell: Foxfire
   734 | D:1      | Found a faded altar of an unknown god.
   874 | D:1      | Prayed at the altar of an unknown god.
   874 | D:1      | Became a worshipper of Yredelemnul the Dark
   874 | D:1      | Reached * piety under Yredelemnul
  1175 | D:2      | Reached XP level 4. HP: 29/33 MP: 0/0
  1478 | D:2      | Reached ** piety under Yredelemnul
  2645 | D:3      | Reached XP level 5. HP: 38/38 MP: 0/0
  2645 | D:3      | Learned a level 2 spell: Blink
  2705 | D:3      | Reached skill level 5 in Crossbows
  3210 | D:4      | Found a staircase to the Ecumenical Temple.
  3387 | D:4      | Reached XP level 6. HP: 42/43 MP: 0/0
  3832 | D:5      | Entered Level 5 of the Dungeon
  3902 | D:5      | Noticed Edmund
  4075 | D:5      | Reached skill level 6 in Crossbows
  4522 | D:5      | Noticed Pikel
  4524 | D:5      | Killed from afar by a centaur

Illustrated notes

Levels and vault maps discovered:
D:1:      scummos_arrival_simple_fountains, layout_rooms,
          hellmonk_ecumenical_altar_slurped_away, serial_corexii_hall,
          chequers_hall_statues_corner_a, corexii_hall_statues_x,
          corexii_hall_statues_u, chequers_hall_statues_y, hangedman_decor_push
D:2:      layout_basic, dk_noncrumbling_4, minmay_small_reverse_x
D:3:      layout_loops_ring
D:4:      layout_basic, minmay_temple_entry_arrows
D:5:      layout_basic, serial_shops, shop, uniq_edmund, uniq_pikel

Skill      XL: |  1  2  3  4  5  6 |
---------------+-------------------+-----
Crossbows      | 4 5 6 |  6.0
Fighting       | |  2.0
Dodging        | |  2.1
Stealth        | |  0.7

Action                   |  1- 3 |  4- 6 || total
-------------------------+-------+-------++-------
 Fire: Hand crossbow     |    82 |   123 ||   205
  Use: Scroll            |       |    11 ||    11
       Potion            |       |     1 ||     1
Armor: Leather armour    |     7 |       ||     7
       Ring mail         |    29 |    51 ||    80
       Chain mail        |       |     2 ||     2
Dodge: Dodged            |    38 |    69 ||   107

Table legend: (Time is in decaauts)
 A = Elapsed time spent in this place.
 B = Non-inter-level travel time spent in this place.
 C = Inter-level travel time spent in this place.
 D = Time resting spent in this place.
 E = Time spent auto-exploring this place.
 F = Levels seen in this place.
 G = Mean time per level.
                   A        B        C        D        E       F      G
               +--------+--------+--------+--------+--------+-----+--------+
         Total |   4604 |   4412 |    192 |    846 |   2641 |   5 |  920.8 |
       Dungeon |   4604 |   4412 |    192 |    846 |   2641 |   5 |  920.8 |
               +--------+--------+--------+--------+--------+-----+--------+

Top non-repeatable levels by time:
     D:3: 1113 daAuts
     D:2: 1102 daAuts
     D:4: 1075 daAuts
     D:1: 972 daAuts
     D:5: 340 daAuts
